2327 views
Uploaded 2022-04-15 16:59:17
Game version 1.32.10
75:10 long 4on4 ladder game on (8)GoldRush
Saved by GIGA
2327 views
Uploaded 2022-04-15 16:59:17
Game version 1.32.10
75:10 long 4on4 ladder game on (8)GoldRush


352 units @ 48.2k
/ 8.4k
174 buildings @ 30.3k
/ 12.2k


| Scroll of Healing | 1 | 250 |
| Orb of Corruption | 1 | 375 |
| total: | 2 | 625g |
| Wisp | 35 | 2100 | / | 0 |
| Archer | 7 | 910 | / | 70 |
| Dryad | 32 | 4640 | / | 1920 |
| Druid of the Claw | 4 | 1020 | / | 320 |
| Mountain Giant | 3 | 1050 | / | 300 |
| Forest Troll Shadow Priest | 2 | 390 | / | 20 |
| Ogre Mauler | 1 | 300 | / | 0 |
| Mud Golem | 2 | 290 | / | 20 |
| Forest Troll Berserker | 1 | 245 | / | 30 |
| total: | 87 | 10945g | / | 2680w |
| Altar of Elders | 1 | 180 | / | 50 |
| Moon Well | 9 | 1620 | / | 360 |
| Ancient of War | 1 | 150 | / | 60 |
| Hunter's Hall | 1 | 210 | / | 100 |
| Ancient of Wonders | 1 | 90 | / | 30 |
| Tree of Life | 5 | 1700 | / | 925 |
| Ancient of Lore | 2 | 310 | / | 290 |
| Tree of Ages | 1 | 320 | / | 180 |
| Tree of Eternity | 1 | 330 | / | 200 |
| total: | 20 | 4260g | / | 1815w |
| 0:04 | Wisp |
| 0:05 | Wisp |
| 0:05 | Wisp |
| 0:31 | Altar of Elders |
| 0:35 | Moon Well |
| 0:39 | Wisp |
| 0:51 | Ancient of War |
| 1:05 | Wisp |
| 1:05 | Wisp |
| 1:23 | Wisp |
| 1:40 | Wisp |
| 1:55 | Archer |
| 1:55 | Archer |
| 2:06 | Hunter's Hall |
| 2:10 | Wisp |
| 2:21 | Ancient of Wonders |
| 2:28 | Moon Well |
| 2:35 | Mana Burn |
| 3:03 | Wisp |
| 3:21 | Archer |
| 3:25 | Moon Well |
| 3:39 | Archer |
| 3:52 | Archer |
| 4:01 | Tree of Ages |
| 4:18 | Moon Well |
| 4:55 | Evasion |
| 4:57 | Tree of Life |
| 5:04 | Archer |
| 5:13 | Moon Well |
| 5:43 | Archer |
| 5:49 | Strength of the Wild |
| 6:33 | Ancient of Lore |
| 6:36 | Wisp |
| 6:53 | Moon Well |
| 6:59 | Wisp |
| 7:01 | Wisp |
| 7:07 | Wisp |
| 7:13 | Wisp |
| 7:19 | Wisp |
| 7:23 | Fan of Knives |
| 7:51 | Scroll of Healing |
| 8:02 | Abolish Magic |
| 8:02 | Dryad |
| 8:09 | Ancient of Lore |
| 8:26 | Dryad |
| 8:28 | Reinforced Hides |
| 8:30 | Wisp |
| 8:30 | Wisp |
| 9:11 | Forest Troll Shadow Priest |
| 9:13 | Ogre Mauler |
| 9:13 | Mud Golem |
| 9:14 | Forest Troll Berserker |
| 9:33 | Druid of the Claw Adept Training |
| 9:34 | Dryad |
| 9:53 | Shadow Strike |
| 9:59 | Mana Burn |
| 10:11 | Tree of Eternity |
| 10:14 | Improved Strength of the Wild |
| 11:02 | Druid of the Claw |
| 11:02 | Dryad |
| 11:29 | Dryad |
| 11:33 | Moon Well |
| 12:17 | Dryad |
| 12:18 | Druid of the Claw |
| 12:39 | Druid of the Claw Master Training |
| 13:12 | Improved Reinforced Hides |
| 13:58 | Dryad |
| 14:02 | Moon Well |
| 14:04 | Mark of the Claw |
| 14:44 | Advanced Reinforced Hides |
| 15:05 | Fan of Knives |
| 15:25 | Dryad |
| 15:53 | Wisp |
| 15:53 | Wisp |
| 15:54 | Wisp |
| 15:54 | Wisp |
| 15:56 | Wisp |
| 15:56 | Wisp |
| 16:59 | Druid of the Claw |
| 17:51 | Druid of the Claw |
| 18:43 | Tree of Life |
| 19:42 | Mountain Giant |
| 19:42 | Mountain Giant |
| 20:55 | Mountain Giant |
| 21:00 | Wisp |
| 22:09 | Moon Well |
| 23:10 | Tree of Life |
| 24:34 | Evasion |
| 25:12 | Tree of Life |
| 25:33 | Dryad |
| 28:01 | Dryad |
| 28:01 | Dryad |
| 28:38 | Wisp |
| 28:39 | Wisp |
| 29:54 | Wisp |
| 29:55 | Wisp |
| 30:12 | Dryad |
| 30:12 | Dryad |
| 30:47 | Dryad |
| 31:07 | Dryad |
| 31:41 | Dryad |
| 32:12 | Wisp |
| 32:25 | Dryad |
| 33:12 | Wisp |
| 35:02 | Dryad |
| 35:02 | Dryad |
| 35:02 | Dryad |
| 35:34 | Tree of Life |
| 36:39 | Dryad |
| 37:23 | Forest Troll Shadow Priest |
| 37:33 | Mud Golem |
| 39:21 | Wisp |
| 39:21 | Wisp |
| 39:22 | Wisp |
| 39:22 | Wisp |
| 39:28 | Dryad |
| 39:29 | Dryad |
| 40:34 | Dryad |
| 40:34 | Dryad |
| 40:34 | Dryad |
| 41:15 | Orb of Corruption |
| 43:06 | Dryad |
| 43:06 | Dryad |
| 43:07 | Dryad |
| 43:07 | Dryad |
| 43:07 | Dryad |
| 43:07 | Dryad |
| 44:39 | Shadow Strike |
| Right click | 697 |
| Select | 551 |
| Build/train/purchase | 125 |
| Use ability | 16 |
| Resource trade | 13 |
| Minimap ping | 5 |
| Remove unit | 2 |
| Item give/drop | 1 |



| Rod of Necromancy | 5 | 750 |
| Sacrificial Skull | 1 | 50 |
| Orb of Corruption | 4 | 1500 |
| Ritual Dagger | 3 | 375 |
| Potion of Healing | 3 | 450 |
| Potion of Mana | 3 | 600 |
| Scroll of Town Portal | 6 | 2100 |
| Scroll of Healing | 4 | 1000 |
| Dust of Appearance | 1 | 75 |
| Boots of Speed | 3 | 750 |
| Staff of Teleportation | 1 | 150 |
| total: | 34 | 7800g |
| Acolyte | 34 | 2550 | / | 0 |
| Ghoul | 8 | 960 | / | 0 |
| Gargoyle | 1 | 175 | / | 30 |
| Frost Wyrm | 17 | 6545 | / | 2040 |
| total: | 60 | 10230g | / | 2070w |
| Nerubian Tower | 3 | 300 | / | 60 |
| Spirit Tower | 4 | 580 | / | 160 |
| Ziggurat | 16 | 2400 | / | 800 |
| Crypt | 1 | 200 | / | 50 |
| Altar of Darkness | 1 | 180 | / | 50 |
| Tomb of Relics | 4 | 520 | / | 120 |
| Necropolis | 9 | 2025 | / | 0 |
| Graveyard | 1 | 215 | / | 0 |
| Sacrificial Pit | 1 | 75 | / | 150 |
| Boneyard | 7 | 1225 | / | 1400 |
| Halls of the Dead | 3 | 960 | / | 630 |
| Black Citadel | 2 | 650 | / | 460 |
| total: | 40 | 6840g | / | 2570w |
| 1:02 | Acolyte |
| 1:02 | Acolyte |
| 1:06 | Ziggurat |
| 1:08 | Crypt |
| 1:34 | Altar of Darkness |
| 1:56 | Tomb of Relics |
| 1:59 | Nerubian Tower |
| 2:10 | Ghoul |
| 2:26 | Ghoul |
| 2:39 | Ziggurat |
| 2:48 | Ghoul |
| 3:06 | Ghoul |
| 3:33 | Rod of Necromancy |
| 3:35 | Sacrificial Skull |
| 3:37 | Carrion Swarm |
| 3:45 | Acolyte |
| 4:15 | Halls of the Dead |
| 4:22 | Necropolis |
| 4:52 | Vampiric Aura |
| 4:59 | Ghoul |
| 5:19 | Ghoul |
| 5:35 | Graveyard |
| 5:41 | Ziggurat |
| 5:58 | Ghoul |
| 6:03 | Acolyte |
| 6:03 | Acolyte |
| 6:03 | Acolyte |
| 6:07 | Acolyte |
| 6:08 | Acolyte |
| 6:38 | Black Citadel |
| 6:53 | Ghoul |
| 7:05 | Rod of Necromancy |
| 7:22 | Creature Attack |
| 7:26 | Acolyte |
| 7:54 | Gargoyle |
| 8:05 | Carrion Swarm |
| 8:20 | Necropolis |
| 8:37 | Creature Carapace |
| 8:59 | Orb of Corruption |
| 8:59 | Orb of Corruption |
| 9:02 | Rod of Necromancy |
| 9:04 | Boneyard |
| 9:05 | Boneyard |
| 9:05 | Boneyard |
| 9:16 | Improved Creature Attack |
| 9:17 | Ghoul Frenzy |
| 9:20 | Ziggurat |
| 9:26 | Frost Nova |
| 9:40 | Acolyte |
| 9:40 | Acolyte |
| 9:40 | Acolyte |
| 9:40 | Acolyte |
| 9:55 | Boneyard |
| 10:02 | Ziggurat |
| 10:33 | Rod of Necromancy |
| 10:37 | Ritual Dagger |
| 10:41 | Frost Wyrm |
| 11:02 | Frost Wyrm |
| 11:06 | Improved Creature Carapace |
| 11:17 | Dark Ritual |
| 11:36 | Frost Wyrm |
| 11:39 | Scroll of Town Portal |
| 11:54 | Advanced Creature Attack |
| 11:55 | Freezing Breath |
| 12:18 | Vampiric Aura |
| 12:28 | Frost Wyrm |
| 12:31 | Ziggurat |
| 12:54 | Acolyte |
| 13:01 | Boots of Speed |
| 13:13 | Advanced Creature Carapace |
| 13:19 | Necropolis |
| 15:01 | Ziggurat |
| 15:22 | Frost Nova |
| 16:02 | Scroll of Town Portal |
| 16:02 | Scroll of Healing |
| 16:05 | Orb of Corruption |
| 16:31 | Ziggurat |
| 16:32 | Ziggurat |
| 16:34 | Tomb of Relics |
| 16:53 | Breath of Fire |
| 17:26 | Spirit Tower |
| 17:28 | Acolyte |
| 17:28 | Acolyte |
| 17:28 | Acolyte |
| 17:28 | Acolyte |
| 19:17 | Ziggurat |
| 19:22 | Ziggurat |
| 19:26 | Halls of the Dead |
| 19:30 | Necropolis |
| 19:39 | Scroll of Town Portal |
| 19:42 | Potion of Healing |
| 19:42 | Orb of Corruption |
| 19:43 | Potion of Mana |
| 20:10 | Boots of Speed |
| 20:12 | Staff of Teleportation |
| 21:10 | Frost Wyrm |
| 21:11 | Frost Wyrm |
| 21:32 | Frost Wyrm |
| 21:34 | Acolyte |
| 21:34 | Acolyte |
| 21:34 | Acolyte |
| 21:35 | Ziggurat |
| 21:36 | Ziggurat |
| 21:38 | Ziggurat |
| 21:39 | Necropolis |
| 21:47 | Spirit Tower |
| 22:06 | Dust of Appearance |
| 22:11 | Nerubian Tower |
| 22:15 | Acolyte |
| 22:37 | Acolyte |
| 22:38 | Acolyte |
| 23:13 | Spirit Tower |
| 23:14 | Acolyte |
| 25:00 | Ritual Dagger |
| 25:00 | Rod of Necromancy |
| 25:23 | Drunken Haze |
| 25:24 | Scroll of Town Portal |
| 25:27 | Scroll of Healing |
| 25:39 | Tomb of Relics |
| 26:07 | Carrion Swarm |
| 26:46 | Necropolis |
| 26:49 | Potion of Mana |
| 26:54 | Scroll of Town Portal |
| 27:16 | Acolyte |
| 28:15 | Necropolis |
| 29:20 | Black Citadel |
| 30:32 | Ziggurat |
| 30:34 | Tomb of Relics |
| 30:36 | Necropolis |
| 31:04 | Boots of Speed |
| 31:53 | Spirit Tower |
| 31:54 | Ziggurat |
| 32:39 | Halls of the Dead |
| 32:49 | Frost Wyrm |
| 33:19 | Boneyard |
| 33:22 | Boneyard |
| 33:28 | Boneyard |
| 33:58 | Nerubian Tower |
| 34:26 | Acolyte |
| 34:26 | Acolyte |
| 34:26 | Acolyte |
| 34:48 | Necropolis |
| 34:56 | Dark Ritual |
| 35:10 | Acolyte |
| 35:10 | Acolyte |
| 35:25 | Frost Wyrm |
| 36:11 | Frost Wyrm |
| 37:14 | Frost Wyrm |
| 37:21 | Scroll of Town Portal |
| 38:14 | Sacrificial Pit |
| 39:34 | Breath of Fire |
| 40:48 | Frost Wyrm |
| 40:54 | Ritual Dagger |
| 41:01 | Potion of Healing |
| 41:06 | Potion of Mana |
| 41:16 | Scroll of Healing |
| 41:31 | Scroll of Healing |
| 43:04 | Acolyte |
| 43:07 | Frost Wyrm |
| 44:21 | Frost Wyrm |
| 44:33 | Potion of Healing |
| 44:44 | Frost Wyrm |
| 50:04 | Acolyte |
| 52:55 | Inferno |
| 53:14 | Acolyte |
| 53:27 | Frost Wyrm |
| 53:52 | Frost Nova |
| 53:54 | Drunken Haze |
| 59:20 | Frost Wyrm |
| Right click | 1507 |
| Select | 969 |
| Misc. action | 654 |
| Select group | 566 |
| Build/train/purchase | 186 |
| Use ability | 132 |
| Assign group | 115 |
| Minimap ping | 21 |
| Item give/drop | 13 |
| Esc | 12 |
| Chat | 8 |



| Rod of Necromancy | 2 | 300 |
| Orb of Corruption | 1 | 375 |
| Scroll of Healing | 1 | 250 |
| Scroll of Town Portal | 2 | 700 |
| total: | 6 | 1625g |
| Acolyte | 10 | 750 | / | 0 |
| Ghoul | 6 | 720 | / | 0 |
| Crypt Fiend | 8 | 1720 | / | 320 |
| Gargoyle | 27 | 4725 | / | 810 |
| Frost Wyrm | 6 | 2310 | / | 720 |
| total: | 57 | 10225g | / | 1850w |
| Nerubian Tower | 1 | 100 | / | 20 |
| Spirit Tower | 6 | 870 | / | 240 |
| Crypt | 5 | 1000 | / | 250 |
| Graveyard | 1 | 215 | / | 0 |
| Ziggurat | 15 | 2250 | / | 750 |
| Altar of Darkness | 1 | 180 | / | 50 |
| Tomb of Relics | 1 | 130 | / | 30 |
| Necropolis | 1 | 225 | / | 0 |
| Sacrificial Pit | 1 | 75 | / | 150 |
| Boneyard | 2 | 350 | / | 400 |
| Halls of the Dead | 1 | 320 | / | 210 |
| Black Citadel | 1 | 325 | / | 230 |
| total: | 27 | 4425g | / | 1630w |
| 0:07 | Acolyte |
| 0:23 | Acolyte |
| 0:40 | Crypt |
| 0:43 | Graveyard |
| 0:47 | Ziggurat |
| 1:06 | Altar of Darkness |
| 1:19 | Ziggurat |
| 1:35 | Tomb of Relics |
| 1:46 | Ghoul |
| 1:46 | Ghoul |
| 2:03 | Ghoul |
| 2:07 | Acolyte |
| 2:27 | Crypt Fiend |
| 2:27 | Crypt Fiend |
| 2:56 | Black Arrow |
| 2:58 | Crypt Fiend |
| 3:04 | Rod of Necromancy |
| 3:25 | Ziggurat |
| 3:39 | Acolyte |
| 3:40 | Acolyte |
| 3:54 | Crypt Fiend |
| 4:19 | Acolyte |
| 4:33 | Silence |
| 5:00 | Halls of the Dead |
| 5:27 | Crypt Fiend |
| 5:29 | Creature Attack |
| 5:44 | Ziggurat |
| 6:10 | Ghoul |
| 6:22 | Ghoul |
| 7:13 | Black Arrow |
| 7:38 | Black Citadel |
| 7:40 | Improved Creature Attack |
| 7:43 | Web |
| 7:45 | Sacrificial Pit |
| 8:15 | Silence |
| 8:40 | Burrow |
| 8:40 | Crypt Fiend |
| 8:49 | Ziggurat |
| 8:51 | Ziggurat |
| 9:01 | Ghoul |
| 9:35 | Crypt |
| 9:40 | Rod of Necromancy |
| 9:44 | Frost Nova |
| 9:47 | Crypt Fiend |
| 10:00 | Orb of Corruption |
| 10:01 | Scroll of Healing |
| 10:17 | Crypt Fiend |
| 10:26 | Boneyard |
| 10:28 | Boneyard |
| 10:32 | Acolyte |
| 10:33 | Acolyte |
| 10:52 | Howl of Terror |
| 10:59 | Gargoyle |
| 11:51 | Freezing Breath |
| 11:52 | Frost Wyrm |
| 12:05 | Frost Armor |
| 12:13 | Cleaving Attack |
| 12:53 | Frost Wyrm |
| 12:56 | Ziggurat |
| 12:58 | Ziggurat |
| 13:00 | Advanced Creature Attack |
| 14:04 | Frost Wyrm |
| 14:33 | Nerubian Tower |
| 14:35 | Spirit Tower |
| 14:37 | Spirit Tower |
| 14:39 | Spirit Tower |
| 14:41 | Acolyte |
| 15:21 | Ziggurat |
| 15:25 | Creature Carapace |
| 15:28 | Stone Form |
| 17:17 | Frost Wyrm |
| 18:20 | Howl of Terror |
| 19:27 | Frost Wyrm |
| 19:52 | Spirit Tower |
| 22:14 | Frost Nova |
| 22:14 | Frost Nova |
| 22:14 | Frost Nova |
| 22:50 | Ziggurat |
| 22:53 | Ziggurat |
| 22:56 | Ziggurat |
| 22:59 | Ziggurat |
| 23:02 | Necropolis |
| 23:09 | Ziggurat |
| 23:12 | Ziggurat |
| 23:51 | Frost Wyrm |
| 24:27 | Spirit Tower |
| 25:16 | Spirit Tower |
| 25:29 | Gargoyle |
| 26:05 | Gargoyle |
| 26:58 | Frost Nova |
| 29:02 | Gargoyle |
| 29:02 | Gargoyle |
| 29:15 | Crypt |
| 29:16 | Crypt |
| 29:17 | Crypt |
| 30:01 | Gargoyle |
| 30:16 | Improved Creature Carapace |
| 30:37 | Gargoyle |
| 30:39 | Gargoyle |
| 31:08 | Gargoyle |
| 31:11 | Gargoyle |
| 31:12 | Gargoyle |
| 31:15 | Gargoyle |
| 32:46 | Gargoyle |
| 32:49 | Gargoyle |
| 35:34 | Gargoyle |
| 35:39 | Silence |
| 35:45 | Gargoyle |
| 35:48 | Gargoyle |
| 35:52 | Gargoyle |
| 36:19 | Advanced Creature Carapace |
| 36:22 | Gargoyle |
| 36:24 | Gargoyle |
| 36:39 | Acolyte |
| 36:51 | Scroll of Town Portal |
| 37:29 | Gargoyle |
| 37:34 | Gargoyle |
| 39:40 | Gargoyle |
| 39:40 | Gargoyle |
| 39:43 | Gargoyle |
| 39:43 | Gargoyle |
| 40:46 | Gargoyle |
| 42:27 | Scroll of Town Portal |
| 53:13 | Cleaving Attack |
| Right click | 1951 |
| Select | 680 |
| Use ability | 218 |
| Build/train/purchase | 127 |
| Misc. action | 107 |
| Resource trade | 25 |
| Minimap ping | 5 |
| Item give/drop | 2 |
| Remove unit | 1 |



| Staff of Preservation | 1 | 150 |
| Orb of Venom | 2 | 650 |
| Scroll of Town Portal | 8 | 2800 |
| Dust of Appearance | 1 | 75 |
| Boots of Speed | 2 | 500 |
| Periapt of Vitality | 1 | 325 |
| total: | 15 | 4500g |
| Wisp | 63 | 3780 | / | 0 |
| Archer | 35 | 4550 | / | 350 |
| Hippogryph | 40 | 6400 | / | 800 |
| Glaive Thrower | 10 | 2100 | / | 650 |
| total: | 148 | 16830g | / | 1800w |
| Ancient Protector | 26 | 3510 | / | 2080 |
| Altar of Elders | 2 | 360 | / | 100 |
| Moon Well | 38 | 6840 | / | 1520 |
| Ancient of War | 5 | 750 | / | 300 |
| Tree of Life | 5 | 1700 | / | 925 |
| Hunter's Hall | 1 | 210 | / | 100 |
| Ancient of Wonders | 2 | 180 | / | 60 |
| Ancient of Wind | 8 | 1200 | / | 1120 |
| Tree of Ages | 2 | 640 | / | 360 |
| Tree of Eternity | 1 | 330 | / | 200 |
| Spirit Tower | 1 | 145 | / | 40 |
| total: | 87 | 14750g | / | 6205w |
| 0:03 | Wisp |
| 0:11 | Altar of Elders |
| 0:13 | Wisp |
| 0:20 | Moon Well |
| 0:26 | Ancient of War |
| 0:37 | Wisp |
| 0:47 | Wisp |
| 0:58 | Wisp |
| 1:14 | Moon Well |
| 1:17 | Wisp |
| 1:29 | Archer |
| 1:36 | Wisp |
| 1:50 | Archer |
| 1:54 | Wisp |
| 2:07 | Archer |
| 2:13 | Wisp |
| 2:22 | Immolation |
| 3:21 | Tree of Ages |
| 3:51 | Archer |
| 3:52 | Archer |
| 3:59 | Moon Well |
| 4:03 | Archer |
| 4:23 | Moon Well |
| 4:57 | Evasion |
| 5:10 | Tree of Life |
| 5:42 | Ancient of Wind |
| 5:46 | Ancient of Wind |
| 5:47 | Wisp |
| 5:48 | Wisp |
| 6:02 | Wisp |
| 6:34 | Evasion |
| 6:49 | Hippogryph |
| 6:49 | Hippogryph |
| 6:53 | Archer |
| 6:53 | Archer |
| 7:28 | Frost Arrows |
| 7:30 | Hippogryph |
| 7:35 | Wisp |
| 8:00 | Boots of Speed |
| 8:10 | Wisp |
| 8:28 | Boots of Speed |
| 8:38 | Wisp |
| 8:38 | Wisp |
| 8:41 | Wisp |
| 10:34 | Hippogryph |
| 10:35 | Hippogryph |
| 10:36 | Archer |
| 10:37 | Archer |
| 10:37 | Archer |
| 10:37 | Archer |
| 11:32 | Wisp |
| 11:32 | Wisp |
| 11:33 | Wisp |
| 11:35 | Wisp |
| 11:35 | Wisp |
| 11:41 | Hunter's Hall |
| 11:44 | Moon Well |
| 11:46 | Moon Well |
| 11:49 | Moon Well |
| 11:54 | Moon Well |
| 12:05 | Ancient of Wonders |
| 12:19 | Scroll of Town Portal |
| 12:23 | Scroll of Town Portal |
| 13:06 | Moon Well |
| 13:09 | Moon Well |
| 13:14 | Ancient Protector |
| 13:17 | Ancient Protector |
| 13:20 | Wisp |
| 13:20 | Wisp |
| 13:20 | Wisp |
| 13:20 | Wisp |
| 13:20 | Wisp |
| 13:30 | Ancient Protector |
| 13:38 | Ancient Protector |
| 13:55 | Immolation |
| 14:36 | Ancient Protector |
| 14:39 | Ancient Protector |
| 14:41 | Ancient Protector |
| 14:44 | Ancient Protector |
| 14:47 | Ancient Protector |
| 14:49 | Ancient Protector |
| 15:34 | Hippogryph |
| 15:34 | Hippogryph |
| 15:36 | Archer |
| 15:36 | Archer |
| 15:36 | Archer |
| 15:44 | Archer |
| 15:44 | Archer |
| 15:53 | Mana Shield |
| 15:59 | Wisp |
| 15:59 | Wisp |
| 15:59 | Wisp |
| 15:59 | Wisp |
| 16:00 | Wisp |
| 16:23 | Hippogryph |
| 16:25 | Archer |
| 16:30 | Archer |
| 17:04 | Wisp |
| 17:04 | Wisp |
| 17:04 | Wisp |
| 18:21 | Ancient of War |
| 18:24 | Tree of Life |
| 18:30 | Tree of Ages |
| 19:17 | Ancient of War |
| 19:24 | Glaive Thrower |
| 19:24 | Glaive Thrower |
| 19:25 | Glaive Thrower |
| 20:07 | Ancient Protector |
| 20:11 | Ancient Protector |
| 20:50 | Glaive Thrower |
| 20:50 | Glaive Thrower |
| 21:14 | Wisp |
| 21:14 | Wisp |
| 21:14 | Wisp |
| 21:14 | Wisp |
| 21:15 | Wisp |
| 21:22 | Ancient of Wind |
| 21:23 | Ancient of Wind |
| 21:32 | Frost Arrows |
| 22:04 | Ancient Protector |
| 22:07 | Wisp |
| 22:07 | Wisp |
| 22:23 | Tree of Life |
| 22:54 | Vorpal Blades |
| 22:57 | Hippogryph |
| 22:58 | Hippogryph |
| 23:02 | Archer |
| 23:02 | Archer |
| 25:15 | Archer |
| 25:15 | Archer |
| 25:16 | Hippogryph |
| 25:20 | Ancient Protector |
| 25:23 | Ancient Protector |
| 25:54 | Strength of the Moon |
| 25:55 | Moon Armor |
| 25:55 | Ultravision |
| 25:58 | Nature's Blessing |
| 26:01 | Wisp |
| 26:02 | Wisp |
| 26:02 | Wisp |
| 26:03 | Wisp |
| 26:03 | Wisp |
| 27:02 | Scroll of Town Portal |
| 27:03 | Periapt of Vitality |
| 27:57 | Wisp |
| 27:58 | Wisp |
| 27:58 | Wisp |
| 27:58 | Wisp |
| 27:58 | Wisp |
| 28:05 | Ancient Protector |
| 28:07 | Ancient Protector |
| 28:10 | Ancient Protector |
| 28:14 | Ancient Protector |
| 28:17 | Glaive Thrower |
| 28:17 | Glaive Thrower |
| 28:24 | Ancient Protector |
| 28:28 | Glaive Thrower |
| 30:09 | Wisp |
| 30:41 | Altar of Elders |
| 30:59 | Tree of Life |
| 31:46 | Ancient of Wonders |
| 31:53 | Ancient Protector |
| 33:14 | Hippogryph |
| 33:14 | Hippogryph |
| 33:15 | Hippogryph |
| 33:15 | Hippogryph |
| 33:15 | Hippogryph |
| 33:20 | Hippogryph |
| 33:21 | Hippogryph |
| 33:21 | Hippogryph |
| 33:21 | Hippogryph |
| 33:21 | Hippogryph |
| 33:59 | Archer |
| 34:00 | Archer |
| 34:03 | Evasion |
| 34:11 | Tree of Eternity |
| 34:14 | Scroll of Town Portal |
| 34:15 | Staff of Preservation |
| 34:44 | Wisp |
| 34:44 | Wisp |
| 34:44 | Wisp |
| 34:45 | Wisp |
| 34:45 | Wisp |
| 35:01 | Scroll of Town Portal |
| 35:02 | Dust of Appearance |
| 36:16 | Improved Bows |
| 36:55 | Archer |
| 36:57 | Hippogryph |
| 37:00 | Hippogryph |
| 37:25 | Incinerate |
| 39:25 | Improved Strength of the Moon |
| 39:26 | Well Spring |
| 39:27 | Improved Moon Armor |
| 41:56 | Hippogryph |
| 41:56 | Hippogryph |
| 41:58 | Hippogryph |
| 41:58 | Hippogryph |
| 42:00 | Archer |
| 42:00 | Archer |
| 42:02 | Marksmanship |
| 42:08 | Advanced Strength of the Moon |
| 42:12 | Ancient Protector |
| 42:14 | Ancient Protector |
| 42:17 | Ancient Protector |
| 42:20 | Ancient Protector |
| 42:22 | Ancient Protector |
| 42:26 | Mana Shield |
| 42:37 | Scroll of Town Portal |
| 42:38 | Orb of Venom |
| 44:38 | Soul Burn |
| 44:43 | Hippogryph |
| 44:43 | Hippogryph |
| 44:43 | Hippogryph |
| 44:45 | Hippogryph |
| 44:45 | Hippogryph |
| 44:45 | Hippogryph |
| 45:02 | Moon Well |
| 45:13 | Moon Well |
| 45:16 | Moon Well |
| 45:19 | Moon Well |
| 45:21 | Moon Well |
| 45:38 | Moon Well |
| 46:00 | Archer |
| 46:35 | Moon Well |
| 46:37 | Moon Well |
| 46:39 | Moon Well |
| 46:41 | Moon Well |
| 46:42 | Moon Well |
| 46:49 | Scroll of Town Portal |
| 46:51 | Orb of Venom |
| 46:56 | Scroll of Town Portal |
| 47:36 | Moon Well |
| 47:41 | Moon Well |
| 47:43 | Moon Well |
| 47:46 | Moon Well |
| 47:51 | Moon Well |
| 48:33 | Moon Well |
| 48:36 | Moon Well |
| 49:24 | Moon Well |
| 49:29 | Moon Well |
| 49:32 | Moon Well |
| 49:51 | Moon Well |
| 50:16 | Moon Well |
| 50:20 | Wisp |
| 50:21 | Wisp |
| 50:21 | Wisp |
| 50:21 | Wisp |
| 50:21 | Wisp |
| 51:18 | Moon Well |
| 51:22 | Ancient of Wind |
| 51:24 | Ancient of Wind |
| 51:27 | Ancient of Wind |
| 51:33 | Ancient of Wind |
| 52:10 | Ancient of War |
| 52:16 | Ancient of War |
| 52:19 | Moon Well |
| 53:27 | Moon Well |
| 54:11 | Glaive Thrower |
| 54:11 | Glaive Thrower |
| 54:32 | Archer |
| 54:32 | Archer |
| 54:32 | Archer |
| 54:32 | Archer |
| 54:32 | Archer |
| 54:32 | Archer |
| 54:36 | Hippogryph |
| 54:36 | Hippogryph |
| 58:54 | Incinerate |
| 59:44 | Frost Arrows |
| 60:34 | Hippogryph |
| 60:34 | Hippogryph |
| 61:06 | Spirit Tower |
| 63:36 | Hippogryph |
| 63:41 | Moon Well |
| 63:43 | Moon Well |
| 65:02 | Hippogryph |
| 65:02 | Hippogryph |
| 69:08 | Soul Burn |
| 69:24 | Metamorphosis |
| 71:58 | Tree of Life |
| Right click | 1019 |
| Select | 921 |
| Chat | 349 |
| Build/train/purchase | 261 |
| Use ability | 26 |
| Remove unit | 7 |
| Item give/drop | 5 |
| Resource trade | 5 |
| Minimap ping | 3 |
260 units @ 24.3k
/ 3.1k
250 buildings @ 19.3k
/ 9k
DudeWhy
(236)
(75:05) : 

| Boots of Speed | 5 | 1250 |
| total: | 5 | 1250g |
| Peasant | 49 | 3675 | / | 0 |
| Mortar Team | 14 | 2520 | / | 980 |
| Siege Engine | 1 | 195 | / | 60 |
| total: | 64 | 6390g | / | 1040w |
| Scout Tower | 8 | 240 | / | 160 |
| Arcane Tower | 1 | 70 | / | 50 |
| Guard Tower | 5 | 350 | / | 250 |
| Altar of Kings | 3 | 540 | / | 150 |
| Farm | 11 | 880 | / | 220 |
| Lumber Mill | 2 | 240 | / | 0 |
| Town Hall | 5 | 1925 | / | 1025 |
| Blacksmith | 1 | 140 | / | 60 |
| Workshop | 1 | 140 | / | 140 |
| Keep | 1 | 320 | / | 210 |
| Castle | 1 | 360 | / | 210 |
| total: | 31 | 4105g | / | 1755w |
| 0:04 | Peasant |
| 0:22 | Altar of Kings |
| 0:23 | Peasant |
| 0:23 | Peasant |
| 0:37 | Peasant |
| 0:40 | Farm |
| 0:41 | Peasant |
| 0:59 | Lumber Mill |
| 1:01 | Peasant |
| 1:04 | Farm |
| 1:08 | Peasant |
| 1:34 | Peasant |
| 1:48 | Scout Tower |
| 1:52 | Peasant |
| 2:02 | Improved Lumber Harvesting |
| 2:02 | Improved Masonry |
| 2:21 | Arcane Tower |
| 2:30 | Peasant |
| 2:31 | Peasant |
| 2:33 | Scout Tower |
| 2:33 | Scout Tower |
| 2:35 | Peasant |
| 3:15 | Guard Tower |
| 3:17 | Scout Tower |
| 3:19 | Peasant |
| 3:40 | Town Hall |
| 3:45 | Scout Tower |
| 3:45 | Scout Tower |
| 3:46 | Scout Tower |
| 3:57 | Peasant |
| 3:57 | Peasant |
| 3:57 | Peasant |
| 4:16 | Guard Tower |
| 4:18 | Guard Tower |
| 4:23 | Guard Tower |
| 4:32 | Scout Tower |
| 5:08 | Peasant |
| 5:09 | Peasant |
| 5:09 | Peasant |
| 5:40 | Keep |
| 6:08 | Guard Tower |
| 6:15 | Bash |
| 6:16 | Bash |
| 7:03 | Blacksmith |
| 7:50 | Town Hall |
| 8:13 | Bash |
| 8:28 | Castle |
| 8:30 | Workshop |
| 8:33 | Black Gunpowder |
| 9:43 | Holy Light |
| 9:53 | Peasant |
| 9:53 | Peasant |
| 10:20 | Peasant |
| 10:20 | Peasant |
| 10:21 | Peasant |
| 10:21 | Peasant |
| 10:59 | Fragmentation Shards |
| 11:00 | Flare |
| 11:00 | Mortar Team |
| 11:01 | Mortar Team |
| 11:23 | Advanced Lumber Harvesting |
| 11:23 | Advanced Masonry |
| 12:19 | Refined Gunpowder |
| 12:19 | Iron Plating |
| 12:41 | Mortar Team |
| 14:12 | Imbued Masonry |
| 14:35 | Farm |
| 14:36 | Farm |
| 16:37 | Divine Shield |
| 16:52 | Siege Engine |
| 16:52 | Mortar Team |
| 16:53 | Mortar Team |
| 16:53 | Mortar Team |
| 16:55 | Mortar Team |
| 16:55 | Mortar Team |
| 17:47 | Storm Bolt |
| 17:49 | Divine Shield |
| 17:53 | Mortar Team |
| 17:55 | Imbued Gunpowder |
| 17:55 | Steel Plating |
| 20:30 | Farm |
| 20:32 | Farm |
| 20:40 | Holy Light |
| 21:11 | Town Hall |
| 21:17 | Town Hall |
| 22:45 | Peasant |
| 22:45 | Peasant |
| 22:45 | Peasant |
| 22:49 | Peasant |
| 22:49 | Peasant |
| 23:24 | Peasant |
| 23:24 | Peasant |
| 23:24 | Peasant |
| 23:36 | Mortar Team |
| 23:36 | Mortar Team |
| 23:49 | Bash |
| 23:52 | Holy Light |
| 25:28 | Peasant |
| 25:28 | Peasant |
| 25:28 | Peasant |
| 25:28 | Peasant |
| 25:29 | Peasant |
| 25:39 | Lumber Mill |
| 26:47 | Peasant |
| 26:47 | Peasant |
| 26:47 | Peasant |
| 29:14 | Farm |
| 29:14 | Farm |
| 29:15 | Farm |
| 29:18 | Farm |
| 29:21 | Farm |
| 31:45 | Town Hall |
| 32:04 | Mortar Team |
| 32:14 | Storm Bolt |
| 32:16 | Divine Shield |
| 36:02 | Peasant |
| 36:02 | Peasant |
| 36:02 | Peasant |
| 36:25 | Mithril Plating |
| 36:26 | Studded Leather Armor |
| 36:48 | Storm Bolt |
| 36:50 | Holy Light |
| 37:18 | Boots of Speed |
| 37:18 | Boots of Speed |
| 38:33 | Boots of Speed |
| 39:13 | Holy Light |
| 40:04 | Storm Bolt |
| 40:58 | Peasant |
| 40:58 | Peasant |
| 40:59 | Peasant |
| 40:59 | Peasant |
| 40:59 | Peasant |
| 43:20 | Resurrection |
| 43:22 | Devotion Aura |
| 43:24 | Avatar |
| 43:44 | Boots of Speed |
| 43:45 | Boots of Speed |
| 47:43 | Altar of Kings |
| 52:51 | Altar of Kings |
| 55:07 | Bash |
| 55:09 | Bash |
| 55:44 | Mortar Team |
| 55:44 | Mortar Team |
| 69:26 | Thunder Clap |
| 69:31 | Devotion Aura |
| Right click | 2742 |
| Select group | 490 |
| Select | 444 |
| Resource trade | 231 |
| Use ability | 179 |
| Build/train/purchase | 142 |
| Misc. action | 88 |
| Chat | 58 |
| Minimap ping | 48 |
| Assign group | 17 |
| Esc | 6 |
| Item give/drop | 4 |
| Remove unit | 1 |
Cabeelibob
(194)
(75:02) : 

| Lesser Clarity Potion | 12 | 840 |
| Healing Salve | 2 | 200 |
| Orb of Lightning | 3 | 1125 |
| Tiny Great Hall | 4 | 2400 |
| Potion of Mana | 1 | 200 |
| Boots of Speed | 1 | 250 |
| Staff of Teleportation | 1 | 150 |
| total: | 24 | 5165g |
| Peon | 53 | 3975 | / | 0 |
| Troll Witch Doctor | 4 | 580 | / | 100 |
| Kodo Beast | 2 | 510 | / | 120 |
| Shaman | 2 | 260 | / | 40 |
| total: | 61 | 5325g | / | 260w |
| Watch Tower | 9 | 990 | / | 720 |
| Altar of Storms | 2 | 360 | / | 100 |
| Orc Burrow | 5 | 800 | / | 200 |
| War Mill | 3 | 615 | / | 0 |
| Voodoo Lounge | 2 | 260 | / | 60 |
| Great Hall | 4 | 1540 | / | 740 |
| Spirit Lodge | 1 | 150 | / | 150 |
| Beastiary | 1 | 145 | / | 140 |
| Stronghold | 1 | 315 | / | 190 |
| Fortress | 1 | 325 | / | 190 |
| total: | 27 | 4860g | / | 2110w |
| 0:04 | Altar of Storms |
| 0:07 | Orc Burrow |
| 0:08 | Peon |
| 0:25 | Peon |
| 0:40 | Peon |
| 0:58 | War Mill |
| 1:03 | Orc Burrow |
| 1:13 | Peon |
| 1:28 | Peon |
| 1:45 | Peon |
| 1:52 | Voodoo Lounge |
| 1:58 | Peon |
| 2:06 | Wind Walk |
| 2:13 | Peon |
| 2:30 | Peon |
| 2:38 | Watch Tower |
| 3:57 | Watch Tower |
| 4:00 | Watch Tower |
| 4:06 | Spiked Barricades |
| 4:07 | Peon |
| 4:07 | Peon |
| 4:24 | Lesser Clarity Potion |
| 4:24 | Healing Salve |
| 4:58 | Great Hall |
| 5:42 | Watch Tower |
| 5:46 | Watch Tower |
| 5:51 | Watch Tower |
| 6:03 | Great Hall |
| 6:14 | Critical Strike |
| 7:01 | Watch Tower |
| 7:02 | Watch Tower |
| 7:42 | Peon |
| 7:42 | Peon |
| 8:30 | Stronghold |
| 9:03 | Great Hall |
| 9:08 | Boots of Speed |
| 9:09 | Staff of Teleportation |
| 9:59 | Peon |
| 10:00 | Peon |
| 10:00 | Peon |
| 10:00 | Peon |
| 10:43 | War Mill |
| 11:19 | Reinforced Defenses |
| 11:20 | Improved Spiked Barricades |
| 11:43 | Fortress |
| 11:49 | Peon |
| 11:49 | Peon |
| 11:49 | Peon |
| 11:49 | Peon |
| 12:02 | Lesser Clarity Potion |
| 12:40 | Great Hall |
| 13:11 | Critical Strike |
| 14:49 | Spirit Lodge |
| 15:32 | Wind Walk |
| 16:15 | Peon |
| 16:16 | Peon |
| 16:16 | Peon |
| 16:16 | Peon |
| 16:16 | Peon |
| 16:55 | War Mill |
| 17:36 | Orb of Lightning |
| 19:17 | Critical Strike |
| 20:03 | Peon |
| 20:03 | Peon |
| 20:04 | Peon |
| 20:04 | Peon |
| 21:03 | Voodoo Lounge |
| 22:11 | Peon |
| 22:53 | Peon |
| 22:53 | Peon |
| 22:54 | Peon |
| 22:54 | Peon |
| 22:54 | Peon |
| 22:54 | Peon |
| 22:59 | Witch Doctor Adept Training |
| 23:15 | Tiny Great Hall |
| 23:18 | Lesser Clarity Potion |
| 24:08 | Witch Doctor Master Training |
| 24:10 | Troll Witch Doctor |
| 24:10 | Troll Witch Doctor |
| 25:01 | Peon |
| 25:02 | Peon |
| 25:02 | Peon |
| 25:02 | Peon |
| 25:03 | Peon |
| 25:14 | Troll Witch Doctor |
| 25:15 | Troll Witch Doctor |
| 25:40 | Healing Salve |
| 25:44 | Lesser Clarity Potion |
| 26:36 | Bladestorm |
| 27:05 | Peon |
| 27:06 | Peon |
| 27:06 | Peon |
| 27:06 | Peon |
| 27:06 | Peon |
| 27:06 | Peon |
| 27:13 | Potion of Mana |
| 27:15 | Lesser Clarity Potion |
| 27:46 | Wind Walk |
| 28:25 | Shaman Adept Training |
| 30:18 | Lesser Clarity Potion |
| 30:59 | Shaman Master Training |
| 31:05 | Beastiary |
| 32:11 | Mirror Image |
| 32:26 | Orc Burrow |
| 32:28 | War Drums Damage Increase |
| 32:31 | Orc Burrow |
| 32:34 | Orc Burrow |
| 33:03 | Lesser Clarity Potion |
| 33:05 | Tiny Great Hall |
| 33:33 | Kodo Beast |
| 33:36 | Kodo Beast |
| 33:52 | Watch Tower |
| 34:57 | Shaman |
| 34:58 | Shaman |
| 36:22 | Lesser Clarity Potion |
| 40:07 | Peon |
| 40:07 | Peon |
| 40:07 | Peon |
| 40:07 | Peon |
| 40:07 | Peon |
| 40:26 | Mirror Image |
| 43:25 | Tiny Great Hall |
| 44:01 | Lesser Clarity Potion |
| 44:44 | Lesser Clarity Potion |
| 45:56 | Mirror Image |
| 46:46 | Tiny Great Hall |
| 48:01 | Orb of Lightning |
| 53:28 | Altar of Storms |
| 53:50 | Orb of Lightning |
| 57:07 | Lesser Clarity Potion |
| 58:46 | Lesser Clarity Potion |
| 63:43 | Breath of Fire |
| Right click | 2959 |
| Chat | 492 |
| Select | 362 |
| Misc. action | 266 |
| Select group | 255 |
| Build/train/purchase | 211 |
| Resource trade | 171 |
| Use ability | 44 |
| Minimap ping | 18 |
| Item give/drop | 7 |
| Remove unit | 5 |
| Assign group | 2 |
| Esc | 1 |



| Peasant | 13 | 975 | / | 0 |
| Flying Machine | 49 | 4900 | / | 1470 |
| total: | 62 | 5875g | / | 1470w |
| Scout Tower | 30 | 900 | / | 600 |
| Arcane Tower | 1 | 70 | / | 50 |
| Guard Tower | 6 | 420 | / | 300 |
| Altar of Kings | 2 | 360 | / | 100 |
| Farm | 18 | 1440 | / | 360 |
| Lumber Mill | 2 | 240 | / | 0 |
| Blacksmith | 2 | 280 | / | 120 |
| Workshop | 3 | 420 | / | 420 |
| Keep | 1 | 320 | / | 210 |
| Castle | 1 | 360 | / | 210 |
| total: | 57 | 3640g | / | 1600w |
| 0:06 | Peasant |
| 0:06 | Peasant |
| 0:09 | Altar of Kings |
| 0:13 | Farm |
| 0:14 | Farm |
| 0:40 | Peasant |
| 0:40 | Peasant |
| 0:40 | Peasant |
| 0:48 | Farm |
| 0:53 | Farm |
| 0:55 | Farm |
| 0:56 | Peasant |
| 0:56 | Peasant |
| 1:02 | Lumber Mill |
| 1:08 | Scout Tower |
| 1:10 | Peasant |
| 1:23 | Peasant |
| 1:23 | Peasant |
| 1:48 | Peasant |
| 1:57 | Arcane Tower |
| 2:00 | Peasant |
| 2:24 | Peasant |
| 2:26 | Improved Lumber Harvesting |
| 3:02 | Storm Bolt |
| 3:35 | Keep |
| 4:06 | Blacksmith |
| 4:09 | Farm |
| 4:11 | Farm |
| 4:13 | Blacksmith |
| 4:38 | Scout Tower |
| 4:39 | Scout Tower |
| 4:40 | Scout Tower |
| 4:40 | Scout Tower |
| 4:44 | Improved Masonry |
| 4:56 | Storm Bolt |
| 5:05 | Farm |
| 5:43 | Farm |
| 5:44 | Farm |
| 5:48 | Black Gunpowder |
| 5:56 | Castle |
| 6:12 | Guard Tower |
| 6:16 | Scout Tower |
| 6:28 | Workshop |
| 6:36 | Workshop |
| 7:08 | Guard Tower |
| 7:12 | Workshop |
| 7:32 | Advanced Masonry |
| 7:35 | Refined Gunpowder |
| 7:38 | Farm |
| 7:41 | Farm |
| 7:43 | Farm |
| 8:07 | Holy Light |
| 8:28 | Flying Machine Bombs |
| 8:30 | Flak Cannons |
| 8:32 | Flying Machine |
| 8:32 | Flying Machine |
| 8:53 | Holy Light |
| 9:07 | Imbued Masonry |
| 9:13 | Imbued Gunpowder |
| 9:24 | Lumber Mill |
| 9:33 | Iron Plating |
| 9:35 | Flying Machine |
| 10:21 | Flying Machine |
| 10:22 | Flying Machine |
| 10:22 | Flying Machine |
| 11:13 | Flying Machine |
| 11:48 | Steel Plating |
| 12:10 | Scout Tower |
| 12:11 | Scout Tower |
| 12:12 | Scout Tower |
| 12:12 | Scout Tower |
| 12:16 | Scout Tower |
| 12:17 | Scout Tower |
| 12:32 | Flying Machine |
| 13:03 | Guard Tower |
| 13:12 | Guard Tower |
| 13:18 | Scout Tower |
| 13:19 | Scout Tower |
| 13:21 | Scout Tower |
| 13:21 | Scout Tower |
| 13:22 | Scout Tower |
| 13:23 | Scout Tower |
| 13:32 | Scout Tower |
| 13:38 | Flying Machine |
| 13:38 | Flying Machine |
| 13:38 | Flying Machine |
| 14:00 | Farm |
| 14:01 | Farm |
| 14:35 | Guard Tower |
| 14:46 | Flying Machine |
| 14:51 | Farm |
| 15:38 | Flying Machine |
| 15:38 | Flying Machine |
| 16:03 | Farm |
| 16:03 | Farm |
| 16:17 | Scout Tower |
| 16:17 | Scout Tower |
| 16:19 | Scout Tower |
| 16:20 | Scout Tower |
| 16:22 | Scout Tower |
| 16:23 | Scout Tower |
| 16:24 | Scout Tower |
| 16:27 | Scout Tower |
| 16:40 | Altar of Kings |
| 17:29 | Flying Machine |
| 19:26 | Storm Bolt |
| 20:11 | Guard Tower |
| 24:16 | Flying Machine |
| 24:17 | Flying Machine |
| 25:20 | Flying Machine |
| 25:20 | Flying Machine |
| 25:20 | Flying Machine |
| 25:20 | Flying Machine |
| 27:58 | Bash |
| 30:47 | Flying Machine |
| 30:55 | Divine Shield |
| 36:54 | Flying Machine |
| 36:54 | Flying Machine |
| 36:54 | Flying Machine |
| 36:54 | Flying Machine |
| 36:54 | Flying Machine |
| 40:15 | Resurrection |
| 41:14 | Flying Machine |
| 41:14 | Flying Machine |
| 41:20 | Avatar |
| 44:35 | Flying Machine |
| 44:35 | Flying Machine |
| 44:35 | Flying Machine |
| 44:35 | Flying Machine |
| 44:35 | Flying Machine |
| 46:55 | Flying Machine |
| 46:55 | Flying Machine |
| 46:55 | Flying Machine |
| 46:55 | Flying Machine |
| 47:45 | Scout Tower |
| 47:46 | Scout Tower |
| 47:47 | Scout Tower |
| 49:06 | Flying Machine |
| 49:06 | Flying Machine |
| 49:06 | Flying Machine |
| 49:06 | Flying Machine |
| 49:08 | Flying Machine |
| 53:43 | Flying Machine |
| 53:43 | Flying Machine |
| 53:43 | Flying Machine |
| 53:43 | Flying Machine |
| 55:06 | Flying Machine |
| 55:06 | Flying Machine |
| 68:56 | Thunder Clap |
| 69:12 | Devotion Aura |
| 69:44 | Drunken Brawler |
| Right click | 7553 |
| Select group | 6129 |
| Select | 804 |
| Chat | 348 |
| Build/train/purchase | 118 |
| Minimap ping | 83 |
| Assign group | 59 |
| Resource trade | 54 |
| Use ability | 49 |
| Misc. action | 14 |
| Esc | 4 |


| Peasant | 62 | 4650 | / | 0 |
| Dragonhawk Rider | 8 | 1600 | / | 240 |
| Sorceress | 3 | 465 | / | 60 |
| total: | 73 | 6715g | / | 300w |
| Scout Tower | 113 | 3390 | / | 2260 |
| Arcane Tower | 1 | 70 | / | 50 |
| Guard Tower | 47 | 3290 | / | 2350 |
| Altar of Kings | 3 | 540 | / | 150 |
| Farm | 9 | 720 | / | 180 |
| Lumber Mill | 4 | 480 | / | 0 |
| Arcane Vault | 1 | 130 | / | 30 |
| Town Hall | 3 | 1155 | / | 615 |
| Gryphon Aviary | 1 | 140 | / | 150 |
| Arcane Sanctum | 1 | 150 | / | 140 |
| Keep | 1 | 320 | / | 210 |
| Castle | 1 | 360 | / | 210 |
| total: | 135 | 6705g | / | 3525w |
| 0:03 | Peasant |
| 0:03 | Peasant |
| 0:09 | Altar of Kings |
| 0:18 | Farm |
| 0:23 | Scout Tower |
| 0:24 | Peasant |
| 0:42 | Peasant |
| 0:50 | Farm |
| 0:53 | Peasant |
| 0:55 | Peasant |
| 1:03 | Lumber Mill |
| 1:14 | Peasant |
| 1:25 | Peasant |
| 1:28 | Arcane Tower |
| 1:42 | Scout Tower |
| 1:47 | Peasant |
| 1:53 | Farm |
| 2:00 | Improved Lumber Harvesting |
| 2:05 | Peasant |
| 2:24 | Guard Tower |
| 2:29 | Peasant |
| 2:34 | Storm Bolt |
| 3:32 | Scout Tower |
| 3:32 | Scout Tower |
| 3:33 | Scout Tower |
| 3:34 | Scout Tower |
| 3:37 | Scout Tower |
| 3:38 | Scout Tower |
| 3:39 | Scout Tower |
| 3:39 | Scout Tower |
| 3:40 | Scout Tower |
| 3:43 | Peasant |
| 3:43 | Peasant |
| 3:43 | Peasant |
| 3:57 | Improved Masonry |
| 4:03 | Scout Tower |
| 4:13 | Guard Tower |
| 4:26 | Peasant |
| 4:27 | Peasant |
| 4:38 | Scout Tower |
| 4:39 | Scout Tower |
| 4:44 | Scout Tower |
| 4:45 | Scout Tower |
| 4:46 | Scout Tower |
| 4:49 | Guard Tower |
| 4:52 | Scout Tower |
| 5:06 | Keep |
| 5:25 | Scout Tower |
| 5:28 | Scout Tower |
| 5:41 | Guard Tower |
| 5:43 | Scout Tower |
| 5:44 | Scout Tower |
| 5:45 | Scout Tower |
| 5:45 | Scout Tower |
| 5:46 | Scout Tower |
| 6:00 | Guard Tower |
| 6:03 | Guard Tower |
| 6:06 | Scout Tower |
| 6:13 | Guard Tower |
| 6:16 | Guard Tower |
| 6:21 | Scout Tower |
| 6:26 | Scout Tower |
| 6:26 | Scout Tower |
| 6:30 | Guard Tower |
| 6:41 | Guard Tower |
| 6:45 | Guard Tower |
| 6:48 | Scout Tower |
| 6:49 | Scout Tower |
| 6:50 | Scout Tower |
| 6:51 | Scout Tower |
| 6:51 | Scout Tower |
| 6:53 | Guard Tower |
| 7:00 | Guard Tower |
| 7:06 | Scout Tower |
| 7:08 | Scout Tower |
| 7:08 | Scout Tower |
| 7:12 | Guard Tower |
| 7:15 | Scout Tower |
| 7:15 | Scout Tower |
| 7:33 | Guard Tower |
| 7:41 | Scout Tower |
| 7:41 | Scout Tower |
| 7:46 | Guard Tower |
| 8:03 | Gryphon Aviary |
| 8:07 | Guard Tower |
| 8:10 | Scout Tower |
| 8:12 | Scout Tower |
| 8:27 | Peasant |
| 8:27 | Peasant |
| 8:29 | Peasant |
| 8:44 | Guard Tower |
| 8:51 | Scout Tower |
| 8:55 | Guard Tower |
| 8:58 | Guard Tower |
| 9:07 | Farm |
| 9:10 | Farm |
| 9:13 | Farm |
| 9:15 | Farm |
| 9:26 | Castle |
| 10:01 | Scout Tower |
| 10:02 | Scout Tower |
| 10:03 | Scout Tower |
| 10:05 | Scout Tower |
| 10:08 | Guard Tower |
| 10:35 | Guard Tower |
| 10:38 | Scout Tower |
| 10:39 | Scout Tower |
| 10:39 | Scout Tower |
| 10:41 | Scout Tower |
| 10:42 | Scout Tower |
| 10:42 | Scout Tower |
| 11:00 | Guard Tower |
| 11:11 | Advanced Masonry |
| 11:19 | Guard Tower |
| 11:45 | Guard Tower |
| 12:18 | Arcane Vault |
| 12:27 | Imbued Masonry |
| 12:43 | Cloud |
| 12:46 | Dragonhawk Rider |
| 12:46 | Dragonhawk Rider |
| 13:20 | Peasant |
| 13:20 | Peasant |
| 13:21 | Peasant |
| 13:21 | Peasant |
| 13:22 | Peasant |
| 13:29 | Scout Tower |
| 13:30 | Scout Tower |
| 13:31 | Scout Tower |
| 14:23 | Arcane Sanctum |
| 14:36 | Guard Tower |
| 15:20 | Divine Shield |
| 16:12 | Lumber Mill |
| 16:42 | Magic Sentry |
| 17:24 | Scout Tower |
| 17:25 | Scout Tower |
| 17:26 | Scout Tower |
| 17:26 | Scout Tower |
| 17:27 | Scout Tower |
| 17:28 | Scout Tower |
| 17:37 | Town Hall |
| 18:26 | Scout Tower |
| 18:27 | Scout Tower |
| 18:28 | Scout Tower |
| 18:30 | Guard Tower |
| 19:12 | Holy Light |
| 19:36 | Guard Tower |
| 19:55 | Altar of Kings |
| 20:00 | Altar of Kings |
| 21:09 | Town Hall |
| 22:37 | Peasant |
| 22:37 | Peasant |
| 22:37 | Peasant |
| 22:38 | Peasant |
| 23:08 | Peasant |
| 23:08 | Peasant |
| 23:08 | Peasant |
| 25:15 | Peasant |
| 25:16 | Peasant |
| 25:17 | Peasant |
| 27:02 | Farm |
| 27:05 | Storm Bolt |
| 27:09 | Divine Shield |
| 27:35 | Scout Tower |
| 27:36 | Scout Tower |
| 27:37 | Scout Tower |
| 29:09 | Dragonhawk Rider |
| 29:09 | Dragonhawk Rider |
| 29:15 | Town Hall |
| 30:43 | Dragonhawk Rider |
| 30:47 | Farm |
| 31:25 | Dragonhawk Rider |
| 32:21 | Peasant |
| 32:21 | Peasant |
| 32:21 | Peasant |
| 33:15 | Peasant |
| 33:15 | Peasant |
| 33:15 | Peasant |
| 33:16 | Peasant |
| 33:16 | Peasant |
| 33:16 | Peasant |
| 33:25 | Holy Light |
| 34:37 | Lumber Mill |
| 35:03 | Bash |
| 36:24 | Guard Tower |
| 36:27 | Peasant |
| 36:27 | Peasant |
| 36:27 | Peasant |
| 36:27 | Peasant |
| 36:31 | Peasant |
| 36:31 | Peasant |
| 36:31 | Peasant |
| 38:07 | Scout Tower |
| 38:08 | Scout Tower |
| 38:12 | Scout Tower |
| 38:16 | Peasant |
| 39:32 | Guard Tower |
| 40:29 | Scout Tower |
| 40:30 | Scout Tower |
| 40:31 | Scout Tower |
| 40:42 | Peasant |
| 40:42 | Peasant |
| 40:44 | Peasant |
| 40:47 | Peasant |
| 40:47 | Peasant |
| 40:50 | Scout Tower |
| 40:59 | Scout Tower |
| 41:03 | Scout Tower |
| 41:04 | Scout Tower |
| 41:06 | Guard Tower |
| 41:08 | Guard Tower |
| 41:22 | Guard Tower |
| 41:25 | Scout Tower |
| 41:48 | Guard Tower |
| 41:52 | Scout Tower |
| 41:53 | Scout Tower |
| 41:55 | Scout Tower |
| 41:58 | Scout Tower |
| 41:59 | Guard Tower |
| 42:09 | Guard Tower |
| 43:29 | Scout Tower |
| 43:30 | Scout Tower |
| 43:31 | Scout Tower |
| 44:14 | Peasant |
| 44:35 | Guard Tower |
| 44:58 | Guard Tower |
| 46:11 | Avatar |
| 46:28 | Scout Tower |
| 46:29 | Scout Tower |
| 46:30 | Scout Tower |
| 46:30 | Scout Tower |
| 46:31 | Scout Tower |
| 46:31 | Scout Tower |
| 46:32 | Scout Tower |
| 46:33 | Scout Tower |
| 46:34 | Scout Tower |
| 46:35 | Scout Tower |
| 47:18 | Guard Tower |
| 47:23 | Guard Tower |
| 47:39 | Guard Tower |
| 47:40 | Guard Tower |
| 47:44 | Scout Tower |
| 47:46 | Scout Tower |
| 47:47 | Scout Tower |
| 47:48 | Scout Tower |
| 47:49 | Scout Tower |
| 47:52 | Guard Tower |
| 48:01 | Peasant |
| 48:01 | Peasant |
| 48:02 | Peasant |
| 48:02 | Peasant |
| 48:02 | Peasant |
| 49:27 | Guard Tower |
| 50:28 | Scout Tower |
| 50:29 | Scout Tower |
| 50:29 | Scout Tower |
| 50:33 | Dragonhawk Rider |
| 50:33 | Dragonhawk Rider |
| 51:30 | Guard Tower |
| 51:36 | Scout Tower |
| 51:37 | Scout Tower |
| 52:04 | Divine Shield |
| 53:14 | Guard Tower |
| 53:20 | Scout Tower |
| 53:20 | Scout Tower |
| 54:39 | Guard Tower |
| 57:34 | Scout Tower |
| 57:35 | Scout Tower |
| 57:36 | Scout Tower |
| 57:37 | Scout Tower |
| 58:10 | Sorceress Adept Training |
| 58:11 | Sorceress |
| 58:11 | Sorceress |
| 58:13 | Sorceress |
| 58:55 | Divine Shield |
| 59:27 | Bash |
| 60:01 | Devotion Aura |
| 66:44 | Lumber Mill |
| 72:23 | Thunder Clap |
| Right click | 3344 |
| Select | 663 |
| Select group | 405 |
| Build/train/purchase | 156 |
| Resource trade | 58 |
| Use ability | 49 |
| Minimap ping | 38 |
| Assign group | 10 |
| Misc. action | 2 |
| Esc | 2 |
| Remove unit | 1 |
⇛